 Dungeon Crawl Stone Soup version 0.31-a0-354-g827e0957a7 (webtiles) character file.

Game seed: 4248285381595032049

21 arthad the Covert (level 2, -5/29 HPs)
             Began as a Gnoll Delver on July 23, 2023.
             Was an Initiate of Gozag.
             Splashed by a jelly's acid (7 damage)
             ... on level 4 of the Dungeon.
             The game lasted 00:02:53 (477 turns).

arthad the Covert (Gnoll Delver)                     Turns: 477, Time: 00:02:53

Health: -5/29      AC: -8    Str: 11    XL:     2   Next: 87%
Magic:  2/2        EV: 13    Int:  9    God:    Gozag
Gold:   79         SH:  0    Dex: 13    Spells: 2/2 levels left

rFire   . . .        a - +0 hand axe
rCold   . . .        (no shield)
rNeg    . . .        b - +0 leather armour
rPois   .            (no helmet)
rElec   .            (no cloak)
rCorr   .            (no gloves)
SInv    .            (no boots)
Will    .....        (no amulet)
Stlth   ++++         (no ring)
HPRegen 0.24/turn    (no ring)
MPRegen 0.08/turn

%: no passive effects
@: corroded, hasted, very quick
A: fangs 1, strong nose, distributed training
a: Renounce Religion, Potion Petition, Call Merchant, Bribe Branch


You were on level 4 of the Dungeon.
You worshipped Gozag.
Gozag was noncommittal.
You visited 2 branches of the dungeon, and saw 3 of its levels.

You collected 97 gold pieces.
You paid 18 gold pieces to Gozag.

Inventory:

Hand Weapons
 a - a +0 hand axe (weapon)
Missiles
 i - 6 poisoned darts
Armour
 b - a +0 leather armour (worn)
Magical Staves
 l - a staff of fire
Jewellery
 h - an amulet of faith
Wands
 g - a wand of digging (3)
 q - a wand of mindburst (15)
Scrolls
 c - 2 scrolls of fog
 d - a scroll of revelation
 e - 2 scrolls of fear
 j - a scroll of amnesia {unknown}
 k - a scroll of noise {unknown}
 m - a scroll of identify {unknown}
 n - a scroll of blinking {unknown}
 o - a scroll of vulnerability {unknown}
Potions
 p - a potion of degeneration {unknown}


   Skills:
 + Level 6.5 Fighting
 + Level 0.5 Short Blades
 + Level 0.5 Long Blades
 + Level 4.5 Axes
 + Level 0.5 Maces & Flails
 + Level 0.5 Polearms
 + Level 0.5 Staves
 + Level 0.5 Ranged Weapons
 + Level 0.5 Throwing
 + Level 0.5 Armour
 + Level 4.5 Dodging
 + Level 9.5 Stealth
 + Level 0.5 Shields
 + Level 0.5 Unarmed Combat
 + Level 0.5 Spellcasting
 + Level 0.4 Conjurations
 + Level 0.4 Hexes
 + Level 0.4 Summonings
 + Level 0.4 Necromancy
 + Level 0.4 Translocations
 + Level 0.4 Transmutations
 + Level 0.4 Fire Magic
 + Level 0.4 Ice Magic
 + Level 0.4 Air Magic
 + Level 0.4 Earth Magic
 + Level 0.4 Poison Magic
 + Level 0.7 Invocations
 + Level 0.5 Evocations
 + Level 0.4 Shapeshifting


You had 2 spell levels left.
You didn't know any spells.
Your spell library was empty.

Dungeon Overview and Level Annotations

Branches:
Dungeon (5/15)             Temple (1/1) D:5

Altars:
Ashenzari
Cheibriados
Dithmenos
Elyvilon
Fedhas
Gozag
Hepliaklqana
Kikubaaqudgha
Makhleb
Nemelex Xobeh
Okawaru
Qazlal
Ru
Sif Muna
Trog
Vehumet
Wu Jian
Xom
Yredelemnul
Zin
The Shining One

Annotations:
D:4 Edmund


Innate Abilities, Weirdness & Mutations

You have very sharp teeth.
Your uncanny sense of smell can sniff out nearby items.
Your experience applies equally to all skills.


Message History

The kobold misses you.
You hit the kobold.
You kill the kobold!
Found a scroll of fog.
You now have 79 gold pieces (gained 7).
i - 6 poisoned darts (gained 4)
You see here a +0 short sword.
c - 2 scrolls of fog (gained 1)
Found 5 stones.
You see here 5 stones.
Found a glowing gold wand.
Edmund the Younger comes into view.
He is wielding a +3 flail of protection.
You see here a +0 short sword.
You open the door.
Found a chain mail.
There is an open door here.
You see here a +0 chain mail.
You open the door.
There is an open door here.
Found a green potion.
p - a green potion
Found a rapier.
Found a sharpened wooden wand.
q - a wand of mindburst (15)
A jelly comes into view.
Found a red potion.
The jelly quivers.
There is an open door here.
You hit the jelly. The acid corrodes you!
Your hands burn!
The jelly is lightly wounded.
The jelly hits you.
You are splashed with acid!
You hit the jelly. The acid corrodes you!
Your hands burn!
The jelly is moderately wounded.
The jelly hits you. The acid corrodes you!
You are splashed with acid!
* * * LOW HITPOINT WARNING * * *
You feel yourself speed up. The jelly hits you.
* * * LOW HITPOINT WARNING * * *
The acid corrodes you!
You are splashed with acid!
You die...
Your body crumbles into a pile of gold.

.# #.# #.. # #.# #.# .#
#.# #.# #'## .# #.#
#...# ## #.### #....!
### #.#.## #......
..#######....####.......
................@J......
#.#######.#..####.......
#.# #.###.# #...... #.#
## .## #..... #.# .#
#...# ..# #. #'## ### #
.# # ∆# #


You could see a jelly.

Vanquished Creatures
  2 adders
  2 jackals (D:5)
  A kobold (D:4)
5 creatures vanquished.

Notes
Turn   | Place    | Note
-------+----------+-------------------------------------------
     0 | D:5      | Reached skill level 9 in Stealth
     0 | D:5      | arthad the Gnoll Delver began the quest for the Orb.
     0 | D:5      | Reached XP level 1. HP: 23/23 MP: 1/1
    11 | D:5      | Noticed an iguana
    71 | D:5      | Reached XP level 2. HP: 20/29 MP: 2/2
   156 | D:5      | Found a staircase to the Ecumenical Temple.
   172 | Temple   | Entered the Ecumenical Temple
   183 | Temple   | Became a worshipper of Gozag Ym Sagoz the Greedy
   212 | D:5      | Noticed an ogre
   348 | D:4      | Noticed Edmund
   477 | D:4      | Splashed by a jelly's acid

Illustrated notes

Levels and vault maps discovered:
D:4:      layout_loops_corners, minmay_misc_feat_tower, uniq_duvessa,
          uniq_edmund, uniq_ijyb, uniq_eustachio, uniq_menkaure
D:5:      layout_cave_pools, minmay_temple_entry_gardened_gates,
          ebering_ghost_reflecting_pool, serial_shops,
          nicolae_shop_pleasant_corner_grove, eino_tiny_chamber
Temple:   nicolae_temple_bog_church

Skill      XL: | |
---------------+-+-----
Stealth        | |  9.5
Fighting       | |  6.5
Short Blades   | |  0.5
Long Blades    | |  0.5
Axes           | |  4.5
Maces & Flails | |  0.5
Polearms       | |  0.5
Staves         | |  0.5
Ranged Weapons | |  0.5
Throwing       | |  0.5
Armour         | |  0.5
Dodging        | |  4.5
Shields        | |  0.5
Unarmed Combat | |  0.5
Spellcasting   | |  0.5
Conjurations   | |  0.4
Hexes          | |  0.4
Summonings     | |  0.4
Necromancy     | |  0.4
Translocations | |  0.4
Transmutations | |  0.4
Fire Magic     | |  0.4
Ice Magic      | |  0.4
Air Magic      | |  0.4
Earth Magic    | |  0.4
Poison Magic   | |  0.4
Invocations    | |  0.7
Evocations     | |  0.5
Shapeshifting  | |  0.4

Action                     || total
---------------------------++-------
  Melee: Hand axe          ||    24
  Throw: Dart              ||     1
    Use: Potion            ||     1
   Stab: Sleeping          ||     2
 Armour: Leather armour    ||     5
  Dodge: Dodged            ||    18

Table legend: (Time is in decaauts)
 A = Elapsed time spent in this place.
 B = Non-inter-level travel time spent in this place.
 C = Inter-level travel time spent in this place.
 D = Time resting spent in this place.
 E = Time spent auto-exploring this place.
 F = Levels seen in this place.
 G = Mean time per level.
                   A        B        C        D        E       F      G
               +--------+--------+--------+--------+--------+-----+--------+
         Total |    479 |    445 |     34 |     28 |      0 |   3 |  159.7 |
       Dungeon |    456 |    442 |     14 |     28 |      0 |   2 |  228.0 |
        Temple |     22 |      2 |     20 |      0 |      0 |   1 |   22.0 |
               +--------+--------+--------+--------+--------+-----+--------+

Top non-repeatable levels by time:
     D:4: 239 daAuts
     D:5: 216 daAuts
  Temple: 22 daAuts
